 Dungeon Crawl Stone Soup version 0.29.1 (webtiles) character file.

Game seed: 15424456708705222404

44 funkygono the Firebug (level 3, -2/19 HPs)
             Began as a Gargoyle Fire Elementalist on Sept 12, 2022.
             Slain by Terence
             ... wielding a +0 hand axe
              (4 damage)
             ... on level 1 of the Dungeon.
             The game lasted 00:02:20 (1011 turns).

funkygono the Firebug (Gargoyle Fire Elementalist)  Turns: 1011, Time: 00:02:20

Health: -2/19      AC:  6    Str: 11    XL:     3   Next: 62%
Magic:  1/6        EV: 12    Int: 17    God:
Gold:   57         SH:  0    Dex: 10    Spells: 0/6 levels left

rFire   . . .      SeeInvis .   g - +0 club
rCold   . . .      Faith    .   (no shield)
rNeg    + . .      Spirit   .   a - +0 robe
rPois   ∞          Reflect  .   (no helmet)
rElec   +          Harm     .   (no cloak)
rCorr   .          Rampage  .   c - +0 pair of gloves
Will    .....                   (no boots)
Stlth   ++........              (no amulet)
HPRegen 0.06/turn               (no ring)
MPRegen 0.10/turn               (no ring)

@: mighty
A: sickness immunity, AC +3, negative energy resistance 1, electricity
resistance, torment resistance 1, petrification resistance
a: no special abilities


You were on level 1 of the Dungeon.
You visited 1 branch of the dungeon, and saw 2 of its levels.

You collected 57 gold pieces.

Inventory:

Hand Weapons
 g - a +0 club (weapon)
Armour
 a - a +0 robe (worn)
 c - a +0 pair of gloves (worn)
Scrolls
 d - 2 scrolls of teleportation {unknown}
 e - 2 scrolls of identify {unknown}
 k - a scroll of vulnerability {unknown}
 l - a scroll of noise {unknown}
Potions
 b - a potion of magic
 h - a potion of mutation {unknown}
 i - a potion of degeneration {unknown}
 j - a potion of flight {unknown}
 m - a potion of heal wounds {unknown}


   Skills:
 + Level 1.7 Dodging
 - Level 2.1 Stealth
 + Level 2.2 Spellcasting
 + Level 2.0 Conjurations
 + Level 3.9 Fire Magic


You couldn't memorise any spells.
You knew the following spells:

 Your Spells              Type           Power      Damage    Failure   Level
a - Foxfire               Conj/Fire      48%        2x1d6     5%          1
b - Scorch                Fire           30%        2d7       5%          2
c - Conjure Flame         Conj/Fire      12%        6-21      17%         3

Your spell library contained the following spells:

 Spells                   Type           Power      Damage    Failure   Level
 Summon Small Mammal      Summ           4%         N/A       19%         1
 Inner Flame              Hex/Fire       8%         N/A       26%         3
 Call Canine Familiar     Summ           1%         N/A       50%         3
 Confusing Touch          Hex            1%         N/A       50%         3
 Summon Guardian Golem    Hex/Summ       1%         N/A       50%         3
 Flame Wave               Conj/Fire      12%        2d6       50%         4
 Yara's Violent Unravell  Hex/Tmut       0%         3d3       99%         5
 Enfeeble                 Hex            0%         N/A       100%        7


Dungeon Overview and Level Annotations

Branches:
Dungeon (2/15)

Altars:

Shops:
D:1 *

Annotations:
D:1 Terence


Innate Abilities, Weirdness & Mutations

You are immune to sickness and miasma.
Your stone body is resilient. (AC +3)
You are immune to poison.
You resist negative energy. (rN+)
You are resistant to electric shocks. (rElec)
You are resistant to unholy torment.
You are immune to petrification.


Message History

Terence attacks as you move away! Terence hits you with a +0 hand axe.
Terence attacks as you move away! Terence hits you with a +0 hand axe.
Terence shouts, "Get ready for death!"
Terence attacks as you move away! Terence hits you but does no damage.
Casting: Scorch (safe; 5% risk of failure)
Confirm with . or Enter, or press ? or * to list all spells.
Okay, then.
Casting: Scorch (safe; 5% risk of failure)
Confirm with . or Enter, or press ? or * to list all spells.
You conjure some foxfire!
Terence closely misses you.
Terence hits your foxfire with a +0 hand axe.
Terence hits your foxfire with a +0 hand axe!
Unknown command.
The foxfire hits Terence.
Terence is lightly wounded.
The foxfire hits Terence.
Terence is moderately wounded.
Terence attacks as you move away! Terence completely misses you.
Terence shouts, "Now you die!"
Casting: Foxfire (safe; 5% risk of failure)
Confirm with . or Enter, or press ? or * to list all spells.
You conjure some foxfire!
Terence hits you with a +0 hand axe!
Unknown command.
Terence attacks as you move away! Terence hits you but does no damage.
The foxfire hits Terence but does no damage.
Terence is moderately wounded.
The foxfire hits Terence but does no damage.
Terence is moderately wounded.
Terence attacks as you move away! Terence hits you with a +0 hand axe.
* * * LOW HITPOINT WARNING * * *
Terence attacks as you move away! Terence barely misses you.
It was a potion of might.
You feel very mighty all of a sudden. Terence barely misses you.
You closely miss Terence.
Terence is moderately wounded.
Terence hits you with a +0 hand axe.
* * * LOW HITPOINT WARNING * * *
Terence hits you with a +0 hand axe.
You die...

#..................##.# #.
###.####+##.##.##.##.#### #.
#...##...............# #.
#.#.##.#.##.##.......#########.
#.#..>.........................
#.####............##.##########
#.# ##.♣♣....#....##.# #..
#.###.♣♣♣♣♣...@.####.#### #..
#.....♣ ♣.##@## #....# #..
####..♣ ♣.##.# ####.# #..
###..♣ ♣....# ###)### #..
#....♣ ♣♣.#### ##....(###..
#.#..♣♣♣♣.....# ##...#...##..
#.#.........#.####...###...###
#.#..............#...# #...#
#...#.........#.##..#####..##
#.............#.#...........##


You could see Terence.

Vanquished Creatures
  2 gnolls (D:2)
  A worm (D:2)
  2 ball pythons (D:1)
  3 endoplasms (D:1)
  2 giant cockroaches (D:1)
  2 goblins (D:1)
  A hobgoblin (D:1)
  2 bats
  A frilled lizard (D:1)
  3 kobolds (D:1)
  3 rats (D:1)
22 creatures vanquished.

Vanquished Creatures (others)
  64 foxfires
64 creatures vanquished.

Grand Total: 86 creatures vanquished

Notes
Turn   | Place    | Note
-------+----------+-------------------------------------------
     0 | D:1      | funkygono the Gargoyle Fire Elementalist began the quest
                  | for the Orb.
     0 | D:1      | Reached XP level 1. HP: 10/10 MP: 3/3
   155 | D:1      | Found Guac's Assorted Antiques.
   175 | D:1      | Reached XP level 2. HP: 12/15 MP: 0/5
   336 | D:1      | Learned a level 2 spell: Scorch
   872 | D:2      | Reached XP level 3. HP: 18/19 MP: 0/6
   876 | D:2      | Learned a level 3 spell: Conjure Flame
   940 | D:2      | Noticed Terence
  1011 | D:1      | Slain by Terence

Illustrated notes

Levels and vault maps discovered:
D:1:      dpeg_arrival_arbitrary_c, layout_basic, serial_shops,
          nicolae_shop_stone, nrook_campfire, minmay_distorted
D:2:      layout_rooms, ebering_ecumenical_altar_ruins, minmay_pentomino_q2,
          uniq_terence, uniq_sigmund, uniq_jessica

Skill      XL: |  1  2  3 |
---------------+----------+-----
Conjurations   | 2 |  2.0
Dodging        | |  1.7
Stealth        | |  2.1
Spellcasting   | |  2.2
Fire Magic     | |  3.9

Action                   || total
-------------------------++-------
Melee: Club              ||    14
 Cast: Foxfire           ||    35
       Scorch            ||     3
  Use: Potion            ||     1
Armor: Robe              ||    14
Dodge: Dodged            ||    29
